 Dungeon Crawl Stone Soup version 0.17.2-1-ge4368a0 (console) character file.

388 Goblin1989 the Cudgeler (level 6, -6/47 HPs)
             Began as a Minotaur Wanderer on Feb 4, 2017.
             Was an Initiate of Gozag.
             Killed from afar by an orc wizard (7 damage)
             ... with a magic dart
             ... on level 6 of the Dungeon.
             The game lasted 00:09:59 (3457 turns).

Goblin1989 the Cudgeler (Minotaur Wanderer)         Turns: 3457, Time: 00:10:00

Health: -6/47      AC:  5    Str: 19    XL:     6   Next: 49%
Magic:  7/7        EV: 10    Int:  8    God:    Gozag
Gold:   247        SH:  0    Dex: 10    Spells: 0 memorised, 7 levels left

rFire  . . .     SeeInvis .     s - +3 whip
rCold  . . .     Clarity  .     b - +0 ring mail
rNeg   . . .     SustAt   .     (no shield)
rPois  .         Gourm    .     (helmet restricted)
rElec  .         Spirit   .     (no cloak)
rCorr  .         Warding  .     (no gloves)
rMut   .         Rnd*Tele +     (no boots)
MR     .....                    (no amulet)
Stlth  +.........               (no ring)
                                t - ring of teleportation (curse)

@: slowed, very slow, not resistant to hostile enchantments, very unstealthy
A: retaliatory headbutt, horns 2
a: Potion Petition, Call Merchant, Bribe Branch, Renounce Religion, Evoke
Teleportation


You were on level 6 of the Dungeon.
You worshipped Gozag.
Gozag was noncommittal.
You were near starving.

You visited 2 branches of the dungeon, and saw 7 of its levels.

You collected 326 gold pieces.
You paid 79 gold pieces to Gozag.

Inventory:

Hand Weapons
 s - a +3 whip (weapon)
Armour
 b - a +0 ring mail (worn)
 w - a +9 plate armour of ponderousness
Jewellery
 t - a cursed ring of teleportation (left hand)
 z - a +3 ring of dexterity {unknown}
Wands
 x - a wand of digging (6)
Scrolls
 g - 4 scrolls of amnesia {unknown}
 h - a scroll of random uselessness {unknown}
 j - 4 scrolls of identify {unknown}
 k - a scroll of immolation {unknown}
 n - 3 scrolls of magic mapping {unknown}
 p - 2 scrolls of fear {unknown}
 r - a scroll of recharging {unknown}
 u - 2 scrolls of enchant armour {unknown}
 y - 2 scrolls of enchant weapon {unknown}
 C - a scroll of remove curse {unknown}
Potions
 a - 3 potions of curing {unknown}
 c - 2 potions of lignification
 d - a potion of ambrosia {unknown}
 i - a potion of agility {unknown}
 l - a potion of invisibility {unknown}
 q - 2 potions of might {unknown}
 v - a potion of berserk rage {unknown}
 A - a potion of heal wounds
 B - a potion of mutation {unknown}
Comestibles
 e - 6 bread rations {@e1}
 f - 2 meat rations {@e2}
 m - a slice of pizza
 o - a beef jerky


   Skills:
 - Level 1.2 Fighting
 + Level 7.9 Maces & Flails
   Level 1.1 Crossbows
 - Level 1.2 Armour
 - Level 1.0 Stealth
   Level 1.2 Shields
 - Level 1.3 Spellcasting
   Level 1.3 Conjurations
   Level 1.0 Ice Magic


You had 7 spell levels left.
You didn't know any spells.

Dungeon Overview and Level Annotations

Branches:
Dungeon (6/15)             Temple (1/1) D:4

Altars:
Ashenzari
Cheibriados
Dithmenos
Elyvilon
Gozag
Kikubaaqudgha
Makhleb
Nemelex Xobeh
Qazlal
Ru
Sif Muna
Trog
Vehumet
Xom
Yredelemnul
The Shining One

Annotations:
D:3 Sigmund


Innate Abilities, Weirdness & Mutations

You reflexively headbutt those who attack you in melee.
You have a pair of horns on your head.


Message History

The orc shouts!
You hit the jelly.
Your hands burn!
* * * LOW HITPOINT WARNING * * *
The jelly is almost dead.
The jelly hits you but does no damage.
You take 3 damage, and have 19/47 hp.
You hit the jelly.
You kill the jelly!
Something hits you but does no damage. The orc hits you but does no damage.
An orc comes into view. It is wielding a hand axe.
You see here 7 gold pieces.
The orc shouts!
You hit the orc. You headbutt the orc!
You kill the orc!
Something hits you but does no damage.
An orc wizard comes into view. It is wielding a dagger.
The orc wizard shouts!
The orc barely misses you.
You see here 3 gold pieces.
You hit the orc. You headbutt the orc.
The orc is severely wounded.
The orc wizard casts a spell.
The orc wizard blinks!
The orc hits you with a hand axe.
* * * LOW HITPOINT WARNING * * *
You take 1 damage, and have 18/47 hp.
You hit the orc.
You kill the orc!
Things that are here:
6 gold pieces; a hand axe Something hits you but does no damage.
You closely miss the orc wizard. Your headbutt misses the orc wizard.
Something hits you but does no damage.
You barely miss the orc wizard. Your headbutt misses the orc wizard.
The orc wizard gestures wildly while chanting.
The orc wizard seems to speed up.
You hear some strange, mumbled words.
Something tries to affect you, but you resist.
You hit the orc wizard.
The orc wizard is lightly wounded.
The orc wizard hits you but does no damage.
You hear some strange, mumbled words.
A magic dart appears from out of thin air!
The magic dart hits you!
* * * LOW HITPOINT WARNING * * *
You take 8 damage, and have 11/47 hp.
You hit the orc wizard. Your headbutt misses the orc wizard.
The orc wizard is moderately wounded.
The orc wizard hits you but does no damage.
Unknown command.
You hit the orc wizard. Your headbutt misses the orc wizard.
The orc wizard is moderately wounded.
The orc wizard closely misses you. Something hits you.
* * * LOW HITPOINT WARNING * * *
You take 1 damage, and have 10/47 hp.
Unknown command.
You closely miss the orc wizard. Your headbutt misses the orc wizard.
The orc wizard is moderately wounded.
The orc wizard hits you but does no damage.
Something hits you but does no damage.
Unknown command.
You closely miss the orc wizard. Your headbutt misses the orc wizard.
The orc wizard is moderately wounded.
The orc wizard points at you and mumbles some strange words.
You feel yourself slow down.
The orc wizard gestures at you while chanting.
You feel as though you will be slow longer.
Unknown command.
You barely miss the orc wizard.
The orc wizard is moderately wounded.
Something hits you.
* * * LOW HITPOINT WARNING * * *
The orc wizard hits you but does no damage.
Something hits you.
* * * LOW HITPOINT WARNING * * *
You take 4 damage, and have 7/47 hp.
You miss the orc wizard. Your headbutt misses the orc wizard.
The orc wizard is moderately wounded.
The orc wizard hits you but does no damage.
The orc wizard barely misses you. Something hits you.
* * * LOW HITPOINT WARNING * * *
You take 4 damage, and have 3/47 hp.
Unknown command.
You barely miss the orc wizard. Your headbutt misses the orc wizard.
The orc wizard is moderately wounded.
The orc wizard hits you with a dagger.
* * * LOW HITPOINT WARNING * * *
You hear some strange, mumbled words.
Something tries to affect you, but you resist.
You take 1 damage, and have 2/47 hp.
You hit the orc wizard.
The orc wizard is heavily wounded.
The orc wizard hits you with a dagger.
* * * LOW HITPOINT WARNING * * *
The orc wizard hits you but does no damage.
You hear some strange, mumbled words.
A magic dart appears from out of thin air!
The magic dart hits you!
You die...
Your body crumbles into a pile of gold.

███...........█ ▲.█.█████████.█
█▲█...█ █.█ █..████ █.█ ██.█
█.█
██████$████████████.██████████
........$..$$$$................
..█████.██████{███.█.........██
.........@█ █.█████████.█
███.██████o█ █ █.█ █.█ ██. █.█
█.█ .█ █.█ ..█ .█ █.█ ██
.██████████ █.█ ..........█ █.█
██████████.███.█
█..............██


You could see an orc wizard.

Vanquished Creatures
  An eye of draining (D:3)
  2 crimson imps (D:5)
  A jelly (D:6)
  Jessica (D:2)
  Robin (D:2)
  A gnoll (D:3)
  2 adders
  A shadow imp (D:5)
  An ooze (D:1)
  A worm (D:3)
  3 giant geckos
  12 orcs
  7 giant cockroaches
  11 goblins
  9 hobgoblins
  22 jackals
  13 kobolds
  A quokka (D:3)
  5 bats
  3 giant newts
  A quokka zombie (D:5)
  5 rats
104 creatures vanquished.

Notes
Turn   | Place    | Note
--------------------------------------------------------------
     0 | D:1      | Goblin1989 the Minotaur Wanderer began the quest for the Orb.
     0 | D:1      | Goblin1989 set off with: a book of Frost, a +0 ring mail, a potion of lignification, a +0 club, a bread ration {@e1}
     0 | D:1      | Reached XP level 1. HP: 16/16 MP: 1/1
    26 | D:1      | Reached skill level 1 in Maces & Flails
   288 | D:1      | Reached skill level 2 in Maces & Flails
   316 | D:1      | Reached XP level 2. HP: 23/23 MP: 3/3
   322 | D:1      | ReniFell: krasniye mokasini...
   373 | D:1      | ReniFell: ji est'
   373 | D:1      | ReniFell: srazu veedno - mainatobir!
   502 | D:1      | Reached skill level 3 in Maces & Flails
   697 | D:1      | Reached XP level 3. HP: 24/28 MP: 4/4
  1009 | D:2      | Noticed Jessica
  1031 | D:2      | Killed Jessica
  1031 | D:2      | Reached skill level 4 in Maces & Flails
  1031 | D:2      | Reached XP level 4. HP: 26/35 MP: 5/5
  1040 | D:2      | Found a shattered altar of Ashenzari.
  1392 | D:3      | Noticed Sigmund
  1428 | D:3      | Reached skill level 5 in Maces & Flails
  1464 | D:3      | Noticed Robin
  1494 | D:2      | Killed Robin
  1701 | D:3      | Found a shattered altar of Ashenzari.
  1702 | D:3      | Found a bloodstained altar of Trog.
  1703 | D:3      | Noticed an eye of draining
  1706 | D:3      | Reached XP level 5. HP: 35/40 MP: 6/6
  1724 | D:3      | Killed an eye of draining
  1724 | D:3      | Reached skill level 6 in Maces & Flails
  1984 | D:4      | Reached skill level 7 in Maces & Flails
  2098 | D:4      | Found a sacrificial altar of Ru.
  2099 | D:4      | Found a staircase to the Ecumenical Temple.
  2108 | Temple   | Entered the Ecumenical Temple
  2116 | Temple   | Became a worshipper of Gozag Ym Sagoz the Greedy
  2309 | D:4      | Found a shimmering altar of Xom.
  2310 | D:4      | Found a glowing golden altar of the Shining One.
  2312 | D:4      | Found a shadowy altar of Dithmenos.
  2313 | D:4      | Found a deep blue altar of Sif Muna.
  2315 | D:4      | Found a radiant altar of Vehumet.
  2370 | D:4      | Found a sparkling altar of Nemelex Xobeh.
  2399 | D:4      | Found a burning altar of Makhleb.
  2747 | D:5      | Entered Level 5 of the Dungeon
  2844 | D:5      | Reached XP level 6. HP: 44/47 MP: 7/7
  3456 | D:6      | HP: 2/47 [orc wizard/dagger (1)]
  3457 | D:6      | Killed from afar by an orc wizard

Action                   |  1- 3 |  4- 6 || total
-------------------------+-------+-------++-------
Melee: Club              |    76 |       ||    76
       Whip              |    15 |   216 ||   231
  Eat: Chunk             |       |     3 ||     3
       Fruit             |       |     4 ||     4

Vault maps used:
D:1:      minmay_arrival_four_circles, minmay_distorted
D:2:      evilmike_ruin_ashenzari, uniq_jessica
D:3:      lemuel_castle_with_subvaults, nicolae_overflow_hidden_temple,
          lemuel_crystal_altar, trog_eyes_of_draining, uniq_sigmund, uniq_robin
D:4:      lemuel_coloured_pillars_altar, old_standard_altar,
          overflow_temple_1_default, minitemple, minmay_temple_entry_statues
D:5:      first_bread, minivault_25
D:6:      serial_shops, nicolae_shop_behind_doors
Temple:   nicolae_temple_no_exploring_needed
